 Dungeon Crawl Stone Soup version 0.17.1-3-g152610e (webtiles) character file.

130 Goblin1989 the Insei (level 5, -5/27 HPs)
             Began as a Vine Stalker Monk on Feb 28, 2016.
             Slain by an orc priest
             ... wielding a +0 flail
              (6 damage)
             ... on level 3 of the Dungeon.
             The game lasted 00:04:40 (1985 turns).

Goblin1989 the Insei (Vine Stalker Monk)            Turns: 1985, Time: 00:04:40

Health: -5/27      AC:  5    Str: 13    XL:     5   Next: 13%
Magic:  0/6        EV: 11    Int: 11    God:
Gold:   154        SH:  0    Dex: 17    Spells: 0 memorised, 4 levels left

rFire  . . .     SeeInvis .       - Unarmed
rCold  . . .     Clarity  .     j - +0 ring mail
rNeg   . . .     SustAt   .     (no shield)
rPois  .         Gourm    .     (no helmet)
rElec  .         Spirit   +     (no cloak)
rCorr  .         Warding  .     (no gloves)
rMut   .         Stasis   .     (no boots)
MR     .....                    (no amulet)
Stlth  ++........               (no ring)
                                (no ring)

@: not resistant to hostile enchantments, unstealthy
A: fangs 2, regeneration 1, magic shield, antimagic bite, no device heal 3, rot
immunity
a: no special abilities


You were on level 3 of the Dungeon.
You were hungry.

You visited 1 branch of the dungeon, and saw 3 of its levels.

You collected 154 gold pieces.

Inventory:

Armour
 j - a +0 ring mail (worn)
Scrolls
 a - a scroll of random uselessness {unknown}
 d - 4 scrolls of identify {unknown}
 e - a scroll of teleportation {unknown}
 f - 2 scrolls of fog {unknown}
 k - a scroll of remove curse {unknown}
Potions
 c - a potion of heal wounds {unknown}
 i - a potion of brilliance {unknown}
Comestibles
 b - a bread ration
 g - a slice of pizza
 h - a beef jerky


   Skills:
 - Level 2.6 Fighting
 - Level 2.4 Dodging
 - Level 2.4 Stealth
 * Level 6.2 Unarmed Combat


You had 4 spell levels left.
You didn't know any spells.

Dungeon Overview and Level Annotations

Branches:
Dungeon (3/15)

Altars:
Nemelex Xobeh


Innate Abilities, Weirdness & Mutations

You have extremely sharp teeth.
Your natural rate of healing is unusually fast.
When hurt, damage is shared between your health and your magic reserves.
Your bite disrupts and absorbs the magic of your enemies.
Potions and wands cannot restore your health.
You are immune to rotting.


Message History

The orc priest calls down the wrath of Beogh upon you.
You struggle to resist.
You closely miss the orc priest.
The orc priest is severely wounded.
You feel sick.
You are no longer poisoned.
The orc closely misses you. The orc priest barely misses you.
You hit the orc priest but do no damage.
You bite the orc priest. You drain its power.
You feel invigorated.
The orc priest is almost dead.
The orc hits you but does no damage. The orc priest hits you with a flail.
* * * LOW HITPOINT WARNING * * *
You closely miss the orc priest. You punch the orc priest.
You bite the orc priest, but do no damage.
The orc priest is almost dead.
The orc closely misses you.
You barely miss the orc priest.
The orc priest is almost dead.
The orc priest hits you with a flail!
You die...

#.......... ..#
#.........# #.#
#......<..# #.#
# #........#
#.#
..#........#
#.#
.$.....†.†.#
#.#
.#..#....###
#.#
#.........###.#
#...o@........#
####o##.#.#####
#{ #.#.# #o
#.#.# .. ..#.#
.. ###.# ###
#.# #.# #.#


You could see an orc priest and 2 orcs.

Vanquished Creatures
  An orc wizard (D:3)
  5 adders
  A worm (D:2)
  5 orcs (D:3)
  7 bats
  7 goblins
  10 hobgoblins
  A giant gecko (D:2)
  A giant newt (D:1)
  6 kobolds
  9 rats
53 creatures vanquished.

Notes
Turn   | Place    | Note
--------------------------------------------------------------
     0 | D:1      | Goblin1989 the Vine Stalker Monk began the quest for the Orb.
     0 | D:1      | Reached XP level 1. HP: 11/11 MP: 2/2
     3 | D:1      | Found a sparkling altar of Nemelex Xobeh.
   164 | D:1      | Reached XP level 2. HP: 16/16 MP: 3/3
   846 | D:2      | Reached skill level 5 in Unarmed Combat
   846 | D:2      | Reached XP level 3. HP: 19/19 MP: 4/4
  1482 | D:3      | Reached XP level 4. HP: 19/23 MP: 3/5
  1764 | D:3      | Reached skill level 6 in Unarmed Combat
  1781 | D:3      | Reached XP level 5. HP: 11/27 MP: 2/6
  1983 | D:3      | HP: 1/27 [orc priest/flail (3)]
  1985 | D:3      | Slain by an orc priest

Action                   |  1- 3 |  4- 6 || total
-------------------------+-------+-------++-------
Melee: Unarmed           |    91 |    82 ||   173
 Stab: Sleeping          |     4 |       ||     4
       Distracted        |     1 |       ||     1
  Eat: Chunk             |       |     3 ||     3
